AoeStats
← caesarcaesar

Nomad

508357822Analyzed
2v2 RM · 9d ago on Sep 22, 2026· 27m 21s· 4 players
Game mode
Random Map
Map size
176×176
Population
200
Speed
Normal
Resources
Standard
Victory
Conquest
Starting age
Dark Age
Ending age
Imperial Age
RankedLock teamsTeams togetherTeam positionsShared explorationLock speedFull tech treeHidden civsTurbo modeCheats
Victory
Defeat
🇺🇸 Koreans · United States
1241
+13
🇺🇸 Spanish · United States
1222
+14
🇺🇸 Burgundians · United States
1198
-14
🇹🇼 Berbers · Taiwan
1168
-13
hinmansvillebiker
5:33 Loom
10:35 Wheelbarrow
12:38 Feudal Age
13:29 Double-Bit Axe
14:21 Bow Saw
19:43 Town Watch
20:51 Horse Collar
26:50 Castle Age
25:29 Scale Barding Armor
25:17 Fletching
5A
5:39 Loom
14:26 Feudal Age
23:06 Castle Age
24:55 Stone Mining
24:56 Gold Mining
terrypk1
14:08 Loom
16:10 Feudal Age
17:00 Man-at-Arms
20:43 Fletching
24:42 Castle Age
23:51 Double-Bit Axe
24:02 Gold Mining
25:49 Bow Saw
26:49 Wheelbarrow
26:15 Town Watch
caesarcaesar
4:42 Loom
13:26 Feudal Age
13:53 Double-Bit Axe
19:54 Castle Age
18:09 Stone Mining
19:28 Gold Mining
19:31 Fletching
23:27 Wheelbarrow
24:26 Bow Saw
Connection lost

Rejoining the realm…

Still unreachable

The connection could not be restored.

Session expired

The server has moved on; the page needs a fresh start.